 Dungeon Crawl Stone Soup version 0.21-a0-578-gc6e9d75 (webtiles) character file.

3081 tonyy the Cleaver (level 9, -30/74 HPs)
             Began as a Gnoll Chaos Knight on Dec 14, 2017.
             Killed by the air
             ... invoked by Gastronok
              (38 damage)
             ... on level 8 of the Dungeon on Dec 18, 2017.
             The game lasted 00:35:35 (7814 turns).

tonyy the Cleaver (Gnoll Chaos Knight)              Turns: 7814, Time: 00:35:36

Health: -30/74     AC: 12    Str: 16    XL:     9   Next: 89%
Magic:  15/15      EV: 12    Int: 16    God:    Xom [*.....]
Gold:   280        SH:  0    Dex: 15    Spells: 17/17 levels left

rFire    + . .     SeeInvis .   y - +3 hand axe (flame)
rCold    . . .     Gourm    .   (no shield)
rNeg     . . .     Faith    .   J - +2 scale mail {rF+}
rPois    +         Spirit   .   A - +0 helmet
rElec    .         Reflect  .   (no cloak)
rCorr    .         Harm     .   g - +0 pair of gloves {archery}
MR       .....                  (no boots)
Stlth    ++........             (no amulet)
HPRegen  0.22/turn              k - ring of poison resistance
MPRegen  0.14/turn              W - ring of stealth

@: no status effects
A: distributed training, fangs 1, strong nose
a: Renounce Religion


You were on level 8 of the Dungeon.
You worshipped Xom.
You were a special plaything of Xom.
You were not hungry.

You visited 1 branch of the dungeon, and saw 8 of its levels.
You also visited: Sewer.

You collected 280 gold pieces.

Inventory:

Hand Weapons
 a - a +0 hand axe of chaos
 f - a +0 shortbow
 m - a +0 short sword of draining
 n - a +0 hunting sling
 q - a +0 falchion
 u - a +0 halberd of freezing
 v - a +0 hand axe of chopping
 w - a +0 scythe
 y - a +3 hand axe of flaming (weapon)
 B - a +0 falchion
 E - a +0 blowgun
 I - a +0 shortbow
 M - a +2 dagger of freezing
 S - a +0 glaive of chopping
 T - a +0 quarterstaff
 U - a +0 dagger of venom
 V - a +0 quarterstaff
 X - a +0 rapier
 Z - a +2 whip of freezing
Missiles
 i - 34 bolts
 z - 3 tomahawks (quivered)
 F - 39 poisoned needles
 R - a throwing net
 Y - 68 arrows
Armour
 b - a +2 leather armour
 g - a +0 pair of gloves of archery (worn)
 o - a +0 plate armour
 A - a +0 helmet (worn)
 J - a +2 scale mail of fire resistance (worn)
Jewellery
 k - a ring of poison resistance (left hand)
 H - an uncursed amulet of faith
 K - an uncursed ring of poison resistance
 W - a ring of stealth (right hand)
Wands
 h - a wand of polymorph (13)
 P - a wand of disintegration (17)
Scrolls
 d - a scroll of fog
 e - 5 scrolls of remove curse
 p - 2 scrolls of noise
 C - a scroll of blinking
 D - 3 scrolls of teleportation
 N - a scroll of immolation
Potions
 c - 7 potions of curing
 l - 4 potions of flight
 r - a potion of cancellation
 s - 2 potions of brilliance
 t - a potion of invisibility
 x - a potion of mutation {unknown}
 L - a potion of might {unknown}
 Q - 2 potions of berserk rage
Comestibles
 G - 5 rations
 O - a ration


   Skills:
 + Level 8.1 Fighting
 + Level 4.6 Short Blades
 + Level 4.6 Long Blades
 + Level 8.1 Axes
 + Level 4.6 Maces & Flails
 + Level 4.6 Polearms
 + Level 4.6 Staves
 + Level 4.6 Slings
 + Level 4.6 Bows
 + Level 4.6 Crossbows
 + Level 4.6 Throwing
 + Level 6.5 Armour
 + Level 5.3 Dodging
 + Level 4.6 Stealth
 + Level 4.6 Shields
 + Level 4.6 Unarmed Combat
 + Level 4.6 Spellcasting
 + Level 3.8 Conjurations
 + Level 3.8 Hexes
 + Level 3.8 Charms
 + Level 3.8 Summonings
 + Level 3.8 Necromancy
 + Level 3.8 Translocations
 + Level 3.8 Transmutations
 + Level 3.8 Fire Magic
 + Level 3.8 Ice Magic
 + Level 3.8 Air Magic
 + Level 3.8 Earth Magic
 + Level 3.8 Poison Magic
 + Level 5.0 Invocations
 + Level 4.6 Evocations


You had 17 spell levels left.
You didn't know any spells.

Dungeon Overview and Level Annotations

Branches:
Dungeon (8/15)             Temple (0/1) D:6
   Lair: D:8-11

Altars:
Elyvilon
Okawaru
Ru
Sif Muna
Xom

Annotations:
D:8 Gastronok


Innate Abilities, Weirdness & Mutations

Your experience applies equally to all skills.
You have very sharp teeth.
Your uncanny sense of smell can sniff out nearby items.


Message History

Throwing (i - inventory. (,) - cycle):
z - 6 tomahawks (quivered)
Press: ? - help, Shift-Dir - straight line, f/p - Gastronok
Aim: Gastronok, wearing an embroidered hat (almost dead)
You throw a tomahawk.
The tomahawk completely misses Gastronok.
Throwing (i - inventory. (,) - cycle):
z - 5 tomahawks (quivered)
Press: ? - help, Shift-Dir - straight line, f/p - Gastronok
Aim: Gastronok, wearing an embroidered hat (almost dead)
You throw a tomahawk. The tomahawk hits Gastronok.
Gastronok is almost dead.
Throwing (i - inventory. (,) - cycle):
z - 4 tomahawks (quivered)
Press: ? - help, Shift-Dir - straight line, f/p - Gastronok
Aim: Gastronok, wearing an embroidered hat (almost dead)
You throw a tomahawk. The tomahawk hits Gastronok!
Gastronok is almost dead.
Gastronok waves his eye-stalks in wide circles.
The air twists around and strikes you!
Ouch! That really hurt!
You die...
Xom giggles madly!

, , #.# , #.#
*,, ,, #.# *,
#.# * , *+ #.#
* ,,, #.# * , ,
#######.#####
,,,
#.@.....w(..# ,
,*
#.####..##### ,
, #.......# **
,*
#.###.........,
* #. #..#######
**** ##* #..#**
#... * #.##.*
#.. .


You could see Gastronok.

Vanquished Creatures
  Pikel (D:7)
  The ghost of archon2 the Firebug, a novice DEFE (D:5)
  2 orc warriors (D:6)
  A black bear (D:8)
  A necrophage (D:6)
  A phantom (D:7)
  3 centaurs
  2 big kobolds
  2 bullfrogs
  2 scorpions
  3 killer bees (D:7)
  3 howler monkeys
  A crimson imp (D:3)
  A quasit (D:7)
  A gnoll shaman (D:7)
  6 orc priests
  5 hounds
  5 orc wizards
  Terence (D:3)
  2 worker ants
  3 worker ant zombies (D:5)
  Robin (D:4)
  4 gnolls (D:7)
  4 adders
  2 river rats (Sewer)
  A shadow imp (D:4)
  An ooze (D:6)
  An adder zombie (D:5)
  7 worms
  An adder skeleton (D:2)
  3 dart slugs
  4 leopard geckos
  23 orcs
  10 giant cockroaches
  12 goblins
  8 hobgoblins
  16 jackals
  11 kobolds
  2 quokkas
  5 bats
  5 frilled lizards
  A quokka zombie (D:7)
  7 rats
176 creatures vanquished.

Vanquished Creatures (collateral kills)
  2 killer bees (D:7)
  2 kobolds (D:7)
4 creatures vanquished.

Vanquished Creatures (others)
  Sigmund (D:3)
  A sky beast (D:5)
  A howler monkey (D:7)
3 creatures vanquished.

Grand Total: 183 creatures vanquished

Notes
Turn   | Place    | Note
-------+----------+-------------------------------------------
     0 | D:1      | tonyy the Gnoll Chaos Knight began the quest for the Orb.
     0 | D:1      | Reached XP level 1. HP: 23/23 MP: 1/1
   135 | D:1      | XOM: harmless Chrm miscast
   163 | D:1      | Reached XP level 2. HP: 29/29 MP: 2/2
   283 | D:1      | XOM: harmless Conj miscast
   718 | D:1      | Reached XP level 3. HP: 30/35 MP: 3/3
  1005 | D:1      | XOM: divination: magic mapping
  1166 | D:2      | XOM: cast spell 'Summon Ice Beast'
  1197 | D:2      | Reached skill level 1 in Invocations
  2396 | D:3      | Noticed Sigmund
  2397 | D:3      | Reached skill level 1 in Short Blades
  2397 | D:3      | Reached skill level 1 in Long Blades
  2397 | D:3      | Reached skill level 1 in Maces & Flails
  2397 | D:3      | Reached skill level 1 in Polearms
  2397 | D:3      | Reached skill level 1 in Staves
  2397 | D:3      | Reached skill level 1 in Slings
  2397 | D:3      | Reached skill level 1 in Bows
  2397 | D:3      | Reached skill level 1 in Crossbows
  2397 | D:3      | Reached skill level 1 in Throwing
  2397 | D:3      | Reached skill level 1 in Stealth
  2397 | D:3      | Reached skill level 1 in Shields
  2397 | D:3      | Reached skill level 1 in Unarmed Combat
  2397 | D:3      | Reached skill level 1 in Spellcasting
  2397 | D:3      | Reached skill level 1 in Evocations
  2398 | D:3      | XOM: cast spell 'Summon Ice Beast'
  2402 | D:3      | Reached XP level 4. HP: 34/41 MP: 5/5
  2408 | D:3      | Killed Sigmund
  2408 | D:3      | Reached skill level 1 in Conjurations
  2408 | D:3      | Reached skill level 1 in Hexes
  2408 | D:3      | Reached skill level 1 in Charms
  2408 | D:3      | Reached skill level 1 in Summonings
  2408 | D:3      | Reached skill level 1 in Necromancy
  2408 | D:3      | Reached skill level 1 in Translocations
  2408 | D:3      | Reached skill level 1 in Transmutations
  2408 | D:3      | Reached skill level 1 in Fire Magic
  2408 | D:3      | Reached skill level 1 in Ice Magic
  2408 | D:3      | Reached skill level 1 in Air Magic
  2408 | D:3      | Reached skill level 1 in Earth Magic
  2408 | D:3      | Reached skill level 1 in Poison Magic
  2408 | D:3      | Reached XP level 5. HP: 32/47 MP: 5/7
  2778 | D:3      | XOM: cleaving
  2806 | D:3      | Reached XP level 6. HP: 38/53 MP: 8/8
  2827 | D:3      | XOM: scenery: create altars
  2846 | D:3      | XOM: scenery: create altars
  2860 | D:3      | Found a glowing drain.
  2872 | Sewer    | Entered a sewer
  3053 | Sewer    | XOM: divination: detect creatures
  3058 | Sewer    | XOM: polymorph kobold -> dart slug
  3075 | Sewer    | Reached skill level 5 in Armour
  3200 | Sewer    | Found a glowing silver altar of Zin.
  3343 | D:3      | XOM: divination: detect items
  3348 | D:3      | Upgraded the game from 0.21-a0-536-gdbbf329 to 0.21-a0-538-gd16b88a
  3469 | D:3      | Noticed Terence
  3493 | D:3      | Killed Terence
  3605 | D:3      | XOM: potion effect (heal wounds)
  3614 | D:3      | Reached XP level 7. HP: 56/59 MP: 10/10
  3858 | D:4      | XOM: noise
  3987 | D:4      | XOM: god gift: scroll labeled MOYGAUR UHOA {god gift}
  4023 | D:4      | Noticed Robin
  4028 | D:4      | Killed Robin
  4028 | D:4      | XOM: noise
  4348 | D:5      | Entered Level 5 of the Dungeon
  4726 | D:5      | XOM: 1-stop teleportation journey
  4779 | D:5      | Noticed archon2's ghost (novice DEFE)
  4790 | D:5      | XOM: scenery: create altars
  4795 | D:5      | XOM: cast spell 'Leda's Liquefaction'
  4981 | D:5      | Killed archon2's ghost
  4981 | D:5      | Reached XP level 8. HP: 43/67 MP: 12/12
  5428 | D:6      | XOM: potion effect (might)
  5437 | D:6      | Found a staircase to the Ecumenical Temple.
  5441 | D:6      | XOM: noise
  5528 | D:6      | XOM: noise
  5558 | D:6      | XOM: cloud trail
  5893 | D:6      | XOM: potion effect (curing)
  6028 | D:6      | Reached XP level 9. HP: 47/72 MP: 14/14
  6103 | D:6      | XOM: cloud trail
  6178 | D:6      | XOM: 8-stop teleportation journey
  6342 | D:6      | XOM is BORED!
  6778 | D:7      | XOM: 4-stop teleportation journey
  6801 | D:7      | XOM: harmless Erth miscast
  6996 | D:7      | Found a sacrificial altar of Ru.
  6996 | D:7      | Found a deep blue altar of Sif Muna.
  6998 | D:7      | Found an iron altar of Okawaru.
  7129 | D:7      | Upgraded the game from 0.21-a0-538-gd16b88a to 0.21-a0-578-gc6e9d75
  7229 | D:7      | Reached skill level 5 in Dodging
  7424 | D:7      | Found a white marble altar of Elyvilon.
  7495 | D:7      | Noticed Pikel
  7500 | D:7      | XOM: enchant monster (good)
  7504 | D:7      | Killed Pikel
  7609 | D:7      | XOM: cloud trail
  7708 | D:7      | Reached skill level 5 in Invocations
  7744 | D:7      | XOM: cloud trail
  7767 | D:8      | Noticed Gastronok
  7774 | D:8      | XOM: cast spell 'Leda's Liquefaction'
  7786 | D:8      | XOM: divination: magic mapping
  7794 | D:8      | XOM: enchant monster (good)
  7814 | D:8      | Killed from afar by Gastronok

Vault maps used:
D:1:      dpeg_arrival_round_c, minivault_19, minmay_tree_intersection,
          hangedman_decor_diamond_cutter, nrook_uturn
D:2:      first_bread
D:3:      gup_sewer_entry_pipe, uniq_sigmund, uniq_terence
D:4:      nzn_random_ring, uniq_robin
D:6:      minmay_temple_entry_large_hall
D:7:      lemuel_crystal_altar, minitemple, uniq_pikel
D:8:      uniq_gastronok, uniq_joseph
Sewer:    sewer_kobolds

Skill      XL: |  1  2  3  4  5  6  7  8  9 |
---------------+----------------------------+-----
Invocations    | 1 2 3 4 5 |  5.0
Short Blades   | 1 2 3 4 |  4.6
Long Blades    | 1 2 3 4 |  4.6
Maces & Flails | 1 2 3 4 |  4.6
Polearms       | 1 2 3 4 |  4.6
Staves         | 1 2 3 4 |  4.6
Slings         | 1 2 3 4 |  4.6
Bows           | 1 2 3 4 |  4.6
Crossbows      | 1 2 3 4 |  4.6
Throwing       | 1 2 3 4 |  4.6
Stealth        | 1 2 3 4 |  4.6
Shields        | 1 2 3 4 |  4.6
Unarmed Combat | 1 2 3 4 |  4.6
Spellcasting   | 1 2 3 4 |  4.6
Evocations     | 1 2 3 4 |  4.6
Conjurations   | 1 2 3 |  3.8
Hexes          | 1 2 3 |  3.8
Charms         | 1 2 3 |  3.8
Summonings     | 1 2 3 |  3.8
Necromancy     | 1 2 3 |  3.8
Translocations | 1 2 3 |  3.8
Transmutations | 1 2 3 |  3.8
Fire Magic     | 1 2 3 |  3.8
Ice Magic      | 1 2 3 |  3.8
Air Magic      | 1 2 3 |  3.8
Earth Magic    | 1 2 3 |  3.8
Poison Magic   | 1 2 3 |  3.8
Dodging        | 3 4 5 |  5.3
Armour         | 5 6 |  6.5
Fighting       | 7 8 |  8.1
Axes           | 7 8 |  8.1

Action                   |  1- 3 |  4- 6 |  7- 9 || total
-------------------------+-------+-------+-------++-------
Melee: Hand axe          |    51 |   157 |   268 ||   476
       Bite              |     9 |    18 |    35 ||    62
       Short sword       |    53 |     8 |       ||    61
       Punch             |       |       |     8 ||     8
       Glaive            |       |       |    31 ||    31
Throw: Stone             |     7 |       |       ||     7
       Tomahawk          |       |     1 |     9 ||    10
  Use: Scroll            |     7 |     1 |     9 ||    17
       Potion            |     1 |       |     6 ||     7
 Stab: Sleeping          |       |     2 |     2 ||     4
  Eat: Buggy ration      |     1 |     1 |       ||     2
       Buggy jelly       |     1 |       |     1 ||     2
       Chunk             |       |     1 |     1 ||     2
       Buggy fruit       |       |       |     3 ||     3
       Ration            |       |       |     1 ||     1
Armor: Leather armour    |    45 |    51 |       ||    96
       Scale mail        |       |    11 |   153 ||   164
Dodge: Dodged            |    90 |   113 |   231 ||   434

Table legend:
 A = Spawn XP
 B = Non-spawn XP
 C = Spawn XP percentage of total XP
 D = Spawn monster count
 E = Non-spawn monster count
 F = Spawn count percentage of total count
 G = Total turns spent on level
                    A         B        C        D         E        F      G
               +---------+---------+-------+---------+---------+-------+---------
         Total |       0 |    4402 |   0.0 |       0 |     183 |   0.0 |  7814
               +---------+---------+-------+---------+---------+-------+---------
           D:1 |       0 |      37 |   0.0 |       0 |      19 |   0.0 |  1113
           D:2 |       0 |      28 |   0.0 |       0 |       8 |   0.0 |  1233
           D:3 |       0 |     424 |   0.0 |       0 |      46 |   0.0 |  1099
           D:4 |       0 |     196 |   0.0 |       0 |      22 |   0.0 |   490
           D:5 |       0 |     595 |   0.0 |       0 |      18 |   0.0 |   957
           D:6 |       0 |    1091 |   0.0 |       0 |      24 |   0.0 |  1202
           D:7 |       0 |    1766 |   0.0 |       0 |      34 |   0.0 |  1260
           D:8 |       0 |     126 |   0.0 |       0 |       1 |   0.0 |    47
         Sewer |       0 |     139 |   0.0 |       0 |      11 |   0.0 |   413
               +---------+---------+-------+---------+---------+-------+---------
